 Dungeon Crawl Stone Soup version 0.26.1-2-gb8aa6d0cf2 (webtiles) character file.

Game seed: 3378608874199970490

368 dornbeast the Agent of Entropy (level 6, 0/48 HPs)
             Began as a Demonspawn Abyssal Knight on Mar 15, 2021.
             Was a Priest of Lugonu.
             Slain by an ice beast (12 damage)
             ... on level 5 of the Dungeon.
             The game lasted 00:17:29 (4292 turns).

dornbeast the Agent of Entropy (DsAK)               Turns: 4292, Time: 00:17:31

Health: 0/48       AC:  5    Str: 14    XL:     6   Next: 41%
Magic:  9/9        EV: 10    Int: 13    God:    Lugonu [***...]
Gold:   162        SH:  5    Dex: 13    Spells: 5/5 levels left

rFire    . . .     SeeInvis +   a - +1 falchion
rCold    . . .     Faith    .   (no shield)
rNeg     . . .     Spirit   .   c - +0 ring mail {rPois}
rPois    +         Reflect  +   (no helmet)
rElec    .         Harm     .   (no cloak)
rCorr    .         Rampage  .   (no gloves)
Will     .....                  (no boots)
Stlth    +.........             l - amulet of reflection
HPRegen  0.16/turn              d - ring of poison resistance
MPRegen  0.11/turn              q - ring of see invisible

@: no status effects
A: talons 1, powered by pain 2, miasma immunity
a: Renounce Religion, Depart the Abyss, Bend Space, Banish


You were on level 5 of the Dungeon.
You worshipped Lugonu.
Lugonu was most pleased with you.
You visited 1 branch of the dungeon, and saw 5 of its levels.
You visited the Abyss 1 time.

You collected 162 gold pieces.

Inventory:

Hand Weapons
 a - a +1 falchion (weapon)
Armour
 c - a +0 ring mail of poison resistance (worn)
Jewellery
 d - a ring of poison resistance (left hand)
 l - an amulet of reflection (around neck)
 q - a ring of see invisible (right hand)
 s - an uncursed amulet of magic regeneration
Scrolls
 e - 2 scrolls of fog
 f - a scroll of remove curse
 g - 2 scrolls of fear
 h - a scroll of blinking {unknown}
 i - 3 scrolls of teleportation {unknown}
 k - a scroll of amnesia
 o - 2 scrolls of magic mapping {unknown}
Potions
 b - a potion of attraction {unknown}
 j - a potion of brilliance
 m - a potion of cancellation
 n - a potion of flight
 r - a potion of mutation {unknown}


   Skills:
 + Level 4.2 Fighting
 * Level 4.0 Long Blades
 + Level 3.3 Armour
 - Level 0.8 Dodging
 + Level 4.4 Invocations


You had 5 spell levels left.
You didn't know any spells.
Your spell library was empty.

Dungeon Overview and Level Annotations

Branches:
Dungeon (5/15)             Temple (0/1) D:5

Altars:
Ashenzari
Elyvilon
Fedhas
Nemelex Xobeh
Okawaru
Ru
Sif Muna
Trog
Wu Jian
Xom

Annotations:
D:4 Dowan, Duvessa, Sigmund


Innate Abilities, Weirdness & Mutations

You have sharp toenails.
You sometimes gain power by taking damage.
You are immune to miasma.


Message History

You hit the ice beast.
You claw the ice beast, but do no damage.
The ice beast is severely wounded.
The ice beast hits you but does no damage.
You barely miss the ice beast.
You claw the ice beast, but do no damage.
The ice beast is severely wounded.
The ice beast hits you but does no damage.
You hit the ice beast but do no damage.
You claw the ice beast, but do no damage.
The ice beast is severely wounded.
A hound comes into view.
The ice beast hits you but does no damage.
The hound barks!
You hit the ice beast. You claw the ice beast.
The ice beast is almost dead.
The ice beast hits you.
* * * LOW HITPOINT WARNING * * *
The ice beast freezes you!
You die...

.###..............##...#
.....................###
........>.h......#####
##.).............#
#...#...........#
#.#.............# ...#
........## #.......#####
..#####.@...# # #Y...<#
##....# .....# .....#
##..... #....#. #....#..


You could see an ice beast and a hound.

Vanquished Creatures
  An ogre (D:5)
  An orc priest (D:5)
  3 orc wizards
  5 adders
  An ufetubus (D:5)
  An ooze (D:2)
  3 worms (D:3)
  3 dart slugs
  4 leopard geckos
  16 orcs
  3 ball pythons
  6 giant cockroaches
  8 goblins
  4 hobgoblins (D:1)
  5 jackals (D:1)
  A quokka (D:3)
  6 bats
  4 frilled lizards
  A jackal skeleton (D:4)
  6 kobolds
  11 rats
93 creatures vanquished.

Notes
Turn   | Place    | Note
-------+----------+-------------------------------------------
     0 | Abyss:1  | dornbeast the Demonspawn Abyssal Knight began the quest for
                  | the Orb.
     0 | Abyss:1  | Reached XP level 1. HP: 18/18 MP: 2/2
    28 | Abyss:1  | Noticed a small abomination
    38 | D:1      | Escaped the Abyss
   334 | D:1      | Gained mutation: You sometimes gain a little power by
                  | taking damage. [demonic ancestry]
   334 | D:1      | Reached XP level 2. HP: 24/24 MP: 3/3
   743 | D:1      | Gained mutation: You are immune to miasma. [demonic
                  | ancestry]
   743 | D:1      | Reached XP level 3. HP: 17/29 MP: 5/5
  1082 | D:1      | Reached ** piety under Lugonu
  1243 | D:2      | Found a blossoming altar of Fedhas.
  1341 | D:2      | Found a bloodstained altar of Trog.
  2025 | D:2      | Found an iron altar of Okawaru.
  2079 | D:2      | Found a white marble altar of Elyvilon.
  2091 | D:2      | Found a bloodstained altar of Trog.
  2094 | D:2      | Found an ornate altar of the Wu Jian Council.
  2094 | D:2      | Found a broken altar of Ashenzari.
  2096 | D:2      | Found a sparkling altar of Nemelex Xobeh.
  2097 | D:2      | Found a shimmering altar of Xom.
  2277 | D:3      | Gained mutation: You have sharp toenails. [demonic
                  | ancestry]
  2277 | D:3      | Reached XP level 4. HP: 35/35 MP: 6/6
  2582 | D:3      | Found a faded altar of an unknown god.
  2699 | D:3      | Reached XP level 5. HP: 37/42 MP: 7/7
  2886 | D:3      | Reached *** piety under Lugonu
  2978 | D:3      | Found a shimmering blue altar of Sif Muna.
  3078 | D:3      | Found a sacrificial altar of Ru.
  3284 | D:4      | Noticed Duvessa
  3284 | D:4      | Noticed Dowan
  3669 | D:4      | Noticed Sigmund
  3711 | D:5      | Entered Level 5 of the Dungeon
  3826 | D:5      | Found a staircase to the Ecumenical Temple.
  3918 | D:5      | Gained mutation: You sometimes gain power by taking damage.
                  | [demonic ancestry]
  3918 | D:5      | Reached XP level 6. HP: 21/48 MP: 9/9
  4274 | D:5      | Noticed an ice beast
  4292 | D:5      | Slain by an ice beast

Illustrated notes

Levels and vault maps discovered:
D:1:      tarquinn_simple_flora_water_c, layout_basic, minmay_split_cup_small
D:2:      layout_loops_cross, okawaru_metal_pillars_1_2, fedhas_altar_3,
          minitemple, serial_rivers, chequers_serial_rivers_small_b,
          chequers_serial_rivers_room_a, chequers_serial_rivers_micro_c,
          chequers_serial_rivers_micro_a, chequers_decorated_corner, bloody_trog
D:3:      lemuel_upstairs_altar, layout_basic, nicolae_ru_the_path_less_chosen,
          chequers_ecumenical_altar_simple, cheibrodos_sewer_entry_sluice,
          led_sif_book
D:4:      layout_basic, st_stairs_4, uniq_natasha, uniq_sigmund, uniq_duvessa
D:5:      layout_rooms, grunt_temple_overflow_order_and_chaos_2,
          marbit_many_paths, temple_pool_b, kennysheep_cluttered_room,
          uniq_grinder

Skill      XL: |  1  2  3  4  5  6 |
---------------+-------------------+-----
Armour         | 2 3 |  3.3
Long Blades    | 2 3 4 |  4.0
Invocations    | 3 4 |  4.4
Fighting       | 4 |  4.2
Dodging        | |  0.8

Action                   |  1- 3 |  4- 6 || total
-------------------------+-------+-------++-------
Melee: Falchion          |   107 |   144 ||   251
       Kick              |       |    46 ||    46
Invok: Bend Space        |       |     1 ||     1
  Use: Scroll            |     4 |     3 ||     7
       Potion            |       |     5 ||     5
Armor: Leather armour    |    25 |    13 ||    38
       Ring mail         |       |    20 ||    20
Dodge: Dodged            |    58 |    91 ||   149
Block: Other             |     9 |    36 ||    45
       Reflection        |       |     1 ||     1
       Rpst.: Falchion   |    17 |    32 ||    49
